Map: Thunderbird LE

Players

Vee - Winner!

  • Race: Zerg Zerg
  • League: Platinum
  • Spawn Location: 11:00

ESAAS

  • Race: Protoss Protoss
  • League: Diamond
  • Spawn Location: 5:00

VOD

Have the link to the VOD?

Description

Bane Bust that hits under 4 minutes without being 100% all in

Time

  • Played on: June 29, 2019, 4:44 p.m.
  • Length: 4:04
Show
View Real Time Build Order
Export as new Build Order

Vee Zerg - Winner!

Build Orders: 1 Base Baneling Bust, Pool First 

Get SALT Encoding   

  12  0:18  Spawning Pool  
  11  0:22  Drone  
  11  0:26  Drone  
  13  0:30  Drone  
  14  0:36  Extractor  
  14  0:38  Drone  
  14  0:46  Overlord  
  14  1:05  Queen  
  14  1:06  Zergling x2  
  14  1:08  Drone  
  18  1:16  Drone  
  19  1:26  Drone  
  20  1:37  Overlord  
  20  1:42  Metabolic Boost  
  20  1:49  Drone  
  21  2:00  Zergling x2  
  22  2:06  Queen  
  24  2:09  Overlord  
  24  2:17  Zergling x6  
  27  2:28  Zergling x2  
  28  2:38  Zergling x2  
  28  2:39  Baneling Nest  
  28  2:45  Zergling x6  
  31  2:52  Zergling x2  
  32  3:02  Zergling x2  
  33  3:20  Hatchery  
  33  3:25  Zergling x8  
  36  3:31  Baneling x4  
  36  3:32  Baneling x2  
  36  3:39  Zergling x2  
  36  3:40  Zergling x2  
Show
View Real Time Build Order
Export as new Build Order

ESAAS Protoss 

Build Orders:  

Get SALT Encoding   

  12  0:01  Probe  
  13  0:14  Probe  
  14  0:20  Pylon  
  14  0:28  Probe  
  15  0:37  Probe  
  15  0:39  Gateway  
  16  0:45  Probe  
  16  0:49  Assimilator  
  17  0:55  Assimilator, Probe  
  18  1:06  Probe  
  19  1:14  Probe  
  20  1:27  Cybernetics Core  
  20  1:33  Probe  
  21  1:45  Probe  
  22  1:50  Nexus  
  22  1:54  Warp Gate  
  22  1:55  Pylon  
  22  1:57  Probe  
  23  2:13  Stalker  
  25  2:35  Robotics Facility  
  25  2:46  Probe  
  26  2:58  Probe  
  27  3:03  Probe  
  28  3:10  Probe  
  29  3:15  Probe  
  29  3:19  Pylon  
  30  3:22  Probe  
  31  3:27  Probe, Robotics Bay  
  31  3:30  Observer  
  33  3:34  Probe  
  33  3:38  Twilight Council  
  33  3:39  Gateway  
  34  3:42  Gateway  
  34  3:45  Pylon  
  34  3:48  Pylon  
Tags
 
Add a new tag
Caveats
  • Supply blocks, unpowered buildings, or Contaminate may cause inaccurate times.
  • Supply counts are checked every 10 seconds.